 Dungeon Crawl Stone Soup version 0.20.1-1-g8b1a95d (webtiles) character file.

81 letownia2 the Grave Robber (level 4, -2/36 HPs)
             Began as a Deep Dwarf Necromancer on Nov 29, 2017.
             Slain by a centaur zombie (4 damage)
             ... on level 4 of the Dungeon.
             The game lasted 00:03:54 (1534 turns).

letownia2 the Grave Robber (Deep Dwarf Necromancer) Turns: 1534, Time: 00:03:55

Health: -2/36      AC:  6    Str: 11    XL:     4   Next: 19%
Magic:  8/8        EV: 13    Int: 17    God:
Gold:   87         SH:  0    Dex: 13    Spells: 4/8 levels left

rFire    . . .     SeeInvis .   d - +0 dagger
rCold    . . .     Gourm    .   (no shield)
rNeg     . . .     Faith    .   m - +0 ring mail
rPois    .         Spirit   .   (no helmet)
rElec    .         Reflect  .   (no cloak)
rCorr    .         Harm     .   g - +0 pair of gloves
MR       .....                  (no boots)
Stlth    +.........             (no amulet)
Regen    0.0/turn               h - +2 ring of evasion
MPRegen  0.2/turn               (no ring)

@: non-regenerating
A: damage resistance, heal wounds, sense surroundings 1, no regeneration
a: Heal Wounds


You were on level 4 of the Dungeon.
You were near starving.

You visited 1 branch of the dungeon, and saw 4 of its levels.

You collected 87 gold pieces.

Inventory:

Hand Weapons
 d - a +0 dagger (weapon)
Armour
 a - a +0 robe
 g - a +0 pair of gloves (worn)
 i - a +2 buckler
 m - a +0 ring mail (worn)
Jewellery
 h - a +2 ring of evasion (left hand)
Scrolls
 e - 2 scrolls of amnesia {unknown}
 k - a scroll of fear {unknown}
 l - 2 scrolls of teleportation {unknown}
 p - a scroll of remove curse {unknown}
 q - a scroll of identify {unknown}
Potions
 j - 2 potions of lignification {unknown}
 n - a potion of haste {unknown}
 o - a potion of heal wounds {unknown}
Books
 b - a book of Necromancy

   Spells                             Type                      Level
   a - Pain                           Necromancy                   1
   b - Animate Skeleton               Necromancy                   1
   c - Vampiric Draining              Necromancy                   3
   d - Regeneration                   Charms/Necromancy            3
   e - Animate Dead                   Necromancy                   4
   f - Control Undead                 Necromancy                   4
Comestibles
 c - a bread ration
 f - a fruit


   Skills:
 - Level 2.1 Dodging
 - Level 2.4 Stealth
 + Level 2.9 Spellcasting
 + Level 5.4 Necromancy


You had 4 spell levels left.
You knew the following spells:

 Your Spells              Type           Power        Failure   Level  Hunger
a - Pain                  Necr           ###.         4%          1    #......
v - Vampiric Draining     Necr           ###.......   14%         3    ###....


Dungeon Overview and Level Annotations

Branches:
Dungeon (4/15)
 Temple: D:4-7

Altars:

Annotations:
D:2 Natasha


Innate Abilities, Weirdness & Mutations

You are resistant to damage.
You can heal yourself by infusing magical energy.
You passively map a small area around you.
You do not regenerate.


Message History

You hit the centaur zombie.
The centaur zombie is moderately damaged.
The centaur zombie hits you.
* * * LOW HITPOINT WARNING * * *
You hit the centaur zombie.
The centaur zombie is moderately damaged.
The centaur zombie completely misses you.
The centaur zombie hits you.
* * * LOW HITPOINT WARNING * * *
You hit the centaur zombie.
The centaur zombie is moderately damaged.
The centaur zombie closely misses you.
You hit the centaur zombie.
The centaur zombie is heavily damaged.
The centaur zombie hits you.
* * * LOW HITPOINT WARNING * * *
You hit the centaur zombie but do no damage.
The centaur zombie is heavily damaged.
The centaur zombie barely misses you. The centaur zombie hits you.
You die...

, , * , , ,, * *
* * * , , , ,
#### * ####* *
#..# , ..# #..#,
, #.#
#..#######@#
#..#.....#Z#
#..#...#.#.#
#..###.#.#.###
#............# #
#.#.##.###.#.#.#
#
#.#.#......#.#.#
#
#.#.########.#.#
#
#.#..........#.#


You could see a centaur zombie.

Vanquished Creatures
  A bullfrog skeleton (D:4)
  A worker ant (D:4)
  An ooze (D:4)
  2 dart slugs
  A leopard gecko (D:1)
  2 giant cockroaches (D:2)
  2 goblins
  2 hobgoblins
  2 bats (D:2)
  2 frilled lizards (D:2)
  5 kobolds (D:1)
  3 rats
24 creatures vanquished.

Notes
Turn   | Place    | Note
-------+----------+-------------------------------------------
     0 | D:1      | letownia2 the Deep Dwarf Necromancer began the quest for the Orb.
     0 | D:1      | Reached XP level 1. HP: 15/15 MP: 3/3
   330 | D:1      | Reached XP level 2. HP: 22/22 MP: 1/5
   407 | D:2      | Noticed Natasha
   702 | D:2      | You fall through a shaft for 2 floors!
   820 | D:4      | Reached skill level 5 in Necromancy
   929 | D:4      | Reached XP level 3. HP: 8/28 MP: 0/6
   934 | D:4      | Learned a level 3 spell: Vampiric Draining
  1104 | D:4      | Reached XP level 4. HP: 10/36 MP: 6/8
  1534 | D:4      | Slain by a centaur zombie

Skill      XL: |  1  2 |
---------------+-------+-----
Spellcasting   | 2 |  2.9
Necromancy     | 5 |  5.4
Dodging        | |  2.1
Stealth        | |  2.4

Action                   |  1- 3 |  4- 6 || total
-------------------------+-------+-------++-------
Melee: Dagger            |    21 |    16 ||    37
 Cast: Pain              |    45 |       ||    45
       Vampiric Draining |       |     2 ||     2
  Eat: Fruit             |       |     1 ||     1
Armor: Robe              |     8 |       ||     8
       Ring mail         |     9 |     6 ||    15
Dodge: Dodged            |    38 |     7 ||    45
